 Dungeon Crawl Stone Soup version 0.25-a0-265-g7af84ae0ac (webtiles) character file.

Game seed: 10026683013464138004, levelgen mode: classic

1705 Borgoz the Slasher (level 9, -1/56 HPs)
             Began as a Gargoyle Fighter on Dec 7, 2019.
             Was an Initiate of Okawaru.
             Slain by a water moccasin (4 damage)
             ... on level 6 of the Dungeon.
             The game lasted 00:08:29 (5939 turns).

Borgoz the Slasher (Gargoyle Fighter)               Turns: 5939, Time: 00:08:30

Health: -1/56      AC: 16    Str: 22    XL:     9   Next: 3%
Magic:  9/9        EV:  9    Int:  9    God:    Okawaru [......]
Gold:   323        SH:  9    Dex: 10    Spells: 8/8 levels left

rFire    + . .     SeeInvis .   a - +0 long sword
rCold    . . .     Gourm    .   c - +0 shield
rNeg     + . .     Faith    .   b - +0 scale mail
rPois    ∞         Spirit   .   (no helmet)
rElec    +         Reflect  .   B - +0 cloak
rCorr    +         Harm     .   r - +0 pair of gloves
MR       .....                  (no boots)
Stlth    ..........             (no amulet)
HPRegen  0.18/turn              l - ring of protection from fire
MPRegen  0.11/turn              v - ring of resist corrosion

@: no status effects
A: negative energy resistance 1, electricity resistance, unbreathing,
petrification resistance, rot immunity, AC +6
a: Renounce Religion


You were on level 6 of the Dungeon.
You worshipped Okawaru.
Okawaru was noncommittal.
You were not hungry.

You visited 2 branches of the dungeon, and saw 7 of its levels.

You collected 323 gold pieces.

Inventory:

Hand Weapons
 a - a +0 long sword (weapon)
 y - the +5 executioner's axe of the Turnip {speed, +Inv rN+ Int-4}
   (You found it on level 4 of the Dungeon)

   Attacks with this weapon are significantly faster.
   It affects your intelligence (-4).
   It protects you from negative energy.
   It lets you turn invisible.
Armour
 b - a +0 scale mail (worn)
 c - a +0 shield (worn)
 r - a +0 pair of gloves (worn)
 B - a +0 cloak (worn)
Jewellery
 l - a ring of protection from fire (left hand)
 m - an uncursed ring of positive energy
 v - a ring of resist corrosion (right hand)
Wands
 u - a wand of iceblast (9)
 A - a wand of disintegration (10)
 E - a wand of flame (10)
Scrolls
 d - 2 scrolls of enchant armour {unknown}
 g - 5 scrolls of identify
 j - 3 scrolls of enchant weapon {unknown}
 n - 3 scrolls of amnesia {unknown}
 o - 3 scrolls of remove curse
 q - 2 scrolls of teleportation {unknown}
 t - a scroll of fog
 C - 2 scrolls of magic mapping {unknown}
Potions
 e - 3 potions of heal wounds
 h - a potion of magic
 i - 5 potions of curing
 p - 2 potions of might
 s - 2 potions of mutation
 w - a potion of haste
 x - a potion of ambrosia
 z - 3 potions of brilliance
 D - a potion of agility
Comestibles
 f - 5 rations
 k - 6 chunks of flesh


   Skills:
 + Level 6.3 Fighting
 * Level 6.6 Long Blades
 * Level 6.4 Armour
 * Level 4.0 Dodging
 - Level 3.2 Shields
 + Level 0.7 Invocations


You had 8 spell levels left.
You didn't know any spells.
Your spell library was empty.

Dungeon Overview and Level Annotations

Branches:
Dungeon (6/15)             Temple (1/1) D:5

Altars:
Ashenzari
Cheibriados
Dithmenos
Elyvilon
Gozag
Kikubaaqudgha
Makhleb
Nemelex Xobeh
Okawaru
Qazlal
Sif Muna
Trog
Uskayaw
Vehumet
Wu Jian
Xom
Yredelemnul

Shops:
D:4 :


Innate Abilities, Weirdness & Mutations

You are resistant to torment.
Your stone body is resilient. (AC +6)
You are immune to poison.
You resist negative energy. (rN+)
You are resistant to electric shocks. (rElec)
You can survive without breathing.
You are immune to petrification.
You are immune to rotting.


Message History

The water moccasin is severely wounded.
The water moccasin bites you.
* * * LOW HITPOINT WARNING * * *
The water moccasin bites you but does no damage.
You closely miss the water moccasin.
The water moccasin is severely wounded.
The water moccasin barely misses you.
You barely miss the water moccasin.
The water moccasin is severely wounded.
The water moccasin bites you.
* * * LOW HITPOINT WARNING * * *
The water moccasin closely misses you.
You closely miss the water moccasin.
The water moccasin is severely wounded.
The water moccasin bites you.
* * * LOW HITPOINT WARNING * * *
You slash the water moccasin!
The water moccasin is almost dead.
The water moccasin bites you.
You die...

#.# #.#
#...# #.#
#.# #.#.#
######.###.#
#.#.#
.)....(....#
#.#.#
#########..#
#.#.#
#.)#####.#.#
#..........#
#.######.###
#......)@#
...#####S#
##. #.# .#
#.# #.# ..#
#.# #.#


You could see a water moccasin.

Vanquished Creatures
  Sigmund (D:2)
  Edmund (D:4)
  A necrophage (D:4)
  2 eyes of draining (D:5)
  2 phantoms (D:4)
  A scorpion (D:4)
  A bullfrog zombie (D:5)
  3 crimson imps
  3 orc priests
  5 orc wizards
  3 hounds (D:4)
  A jelly (D:4)
  Jessica (D:3)
  Terence (D:3)
  3 iguanas
  3 worker ants
  A hound zombie (D:5)
  4 gnolls
  6 adders
  3 adder skeletons
  An adder zombie (D:5)
  3 dart slugs
  2 worms
  2 leopard geckos (D:3)
  28 orcs
  4 giant cockroaches
  3 goblins
  9 hobgoblins
  7 jackals
  A quokka (D:3)
  2 ball pythons
  10 bats
  3 frilled lizards
  8 kobolds
  A quokka zombie (D:4)
  5 rats
135 creatures vanquished.

Notes
Turn   | Place    | Note
-------+----------+-------------------------------------------
     0 | D:1      | Borgoz the Gargoyle Fighter began the quest for the Orb.
     0 | D:1      | Reached XP level 1. HP: 14/14 MP: 1/1
   139 | D:1      | Reached XP level 2. HP: 19/19 MP: 2/2
   608 | D:1      | Reached XP level 3. HP: 23/23 MP: 3/3
  1129 | D:2      | Found a snail-covered altar of Cheibriados.
  1347 | D:2      | Noticed Sigmund
  1371 | D:2      | Killed Sigmund
  1371 | D:2      | Reached skill level 1 in Dodging
  1371 | D:2      | Reached XP level 4. HP: 29/29 MP: 4/4
  1371 | D:2      | Reached XP level 5. HP: 33/33 MP: 5/5
  1706 | D:2      | Reached XP level 6. HP: 39/39 MP: 6/6
  1729 | D:2      | Found a shimmering altar of Xom.
  1918 | D:3      | Noticed Terence
  1924 | D:3      | Killed Terence
  2064 | D:3      | Noticed a necrophage
  2110 | D:4      | Killed a necrophage
  2237 | D:3      | Noticed Jessica
  2245 | D:3      | Killed Jessica
  2406 | D:3      | Reached XP level 7. HP: 44/44 MP: 7/7
  2854 | D:4      | Found Ykoar's Book Shoppe.
  2920 | D:4      | Reached skill level 5 in Fighting
  2939 | D:4      | Reached skill level 5 in Armour
  2947 | D:4      | Got a shimmering executioner's axe
  2956 | D:4      | Identified the +5 executioner's axe of the Turnip {speed,
                  | +Inv rN+ Int-4} (You found it on level 4 of the Dungeon)
  3469 | D:4      | Reached skill level 5 in Long Blades
  3569 | D:4      | Reached XP level 8. HP: 26/49 MP: 8/8
  3729 | D:4      | Noticed Edmund
  3756 | D:4      | Killed Edmund
  4553 | D:5      | Entered Level 5 of the Dungeon
  4656 | D:5      | Found a bloodstained altar of Trog.
  5096 | D:5      | Found a staircase to the Ecumenical Temple.
  5190 | Temple   | Entered the Ecumenical Temple
  5453 | Temple   | Became a worshipper of Warmaster Okawaru
  5866 | D:6      | Reached XP level 9. HP: 50/55 MP: 9/9
  5939 | D:6      | Slain by a water moccasin

Levels and vault maps discovered:
D:1:      minmay_arrival_diagonal_passages, layout_basic, serial_glass,
          glass_columns_a, glass_columns_b, item_on_display_a, feat_on_display,
          minmay_tree_intersection, chequers_serial_rivers_room_b,
          hangedman_decor_diamond_cutter
D:2:      layout_basic, lemuel_coloured_pillars_altar, cheibriados_altar_1,
          hex_medium, kennysheep_generic_room_10, uniq_sigmund
D:3:      layout_basic, minmay_fractal_squares_gapless_5, uniq_terence,
          uniq_jessica
D:4:      layout_basic, serial_shops, shop, minmay_checkerbox, uniq_edmund
D:5:      layout_cave_pods, trog_eyes_of_draining, temple_green, first_ration
D:6:      layout_loops_ring
Temple:   dpeg_chambers_temple

Skill      XL: |  1  2  3  4  5  6  7  8  9 |
---------------+----------------------------+-----
Long Blades    | 2 3 4 5 6 |  6.6
Fighting       | 4 5 6 |  6.3
Armour         | 4 5 6 |  6.4
Dodging        | 1 2 3 4 |  4.0
Shields        | |  3.2
Invocations    | |  0.7

Action                   |  1- 3 |  4- 6 |  7- 9 || total
-------------------------+-------+-------+-------++-------
Melee: Long sword        |   111 |   130 |   484 ||   725
       Executioner's axe |       |       |    17 ||    17
  Use: Potion            |     2 |       |       ||     2
       Scroll            |       |       |    10 ||    10
  Eat: Chunk             |     1 |     4 |    10 ||    15
       Ration            |       |       |     1 ||     1
Armor: Scale mail        |    64 |    83 |   247 ||   394
Dodge: Dodged            |    42 |    57 |   130 ||   229
Block: Shield            |    64 |    81 |   187 ||   332
       Rpst.: Long sword |    14 |    17 |    30 ||    61

Table legend:
 A = Non-vault XP
 B = Vault XP
 C = Vault XP percentage of total XP
 D = Non-vault monster count
 E = Vault monster count
 F = Vault count percentage of total count
                 A         B        C        D         E       F
            +---------+---------+-------+---------+---------+-------
      Total |    1468 |     968 |  39.7 |     119 |      16 |  11.9
            +---------+---------+-------+---------+---------+-------
        D:1 |      35 |       0 |   0.0 |      20 |       0 |   0.0
        D:2 |      48 |     243 |  83.5 |      19 |       2 |   9.5
        D:3 |      69 |     129 |  65.2 |      30 |       6 |  16.7
        D:4 |     803 |     332 |  29.3 |      27 |       4 |  12.9
        D:5 |     286 |     264 |  48.0 |      15 |       4 |  21.1
        D:6 |     227 |       0 |   0.0 |       8 |       0 |   0.0
            +---------+---------+-------+---------+---------+-------
